XFBL
ST. LOUIS CARDINALS @ ATLANTA BRAVES
05/13/1982
 
TOP OF THE 1ST
St. Louis Cardinals batting - Pitching for Atlanta Braves : LHP Randy Lerch
Pitching: LHP Randy Lerch
Batting: SHB Otis Nixon 0-0: Ground out 5-3 (Groundball, 56S, EV 90.6 MPH)
Batting: SHB Billy E Smith 0-0: Ball
1-0: Called Strike
1-1: Swinging Strike
1-2: Strikes out looking
Batting: RHB Sixto Lezcano 0-0: Ground out 5-3 (Groundball, 5, EV 100.6 MPH)
Top of the 1st over - 0 runs, 0 hits, 0 errors, 0 left on base; St. Louis 0 - Atlanta 0
BOTTOM OF THE 1ST
Atlanta Braves batting - Pitching for St. Louis Cardinals : RHP Tom Candiotti
Pitching: RHP Tom Candiotti
Batting: LHB Brett Butler 0-0: Ball
1-0: Ball
2-0: Ball
3-0: Base on Balls
Batting: LHB Joe L Morgan 0-0: Fly out, F7 (Flyball, 7D, EV 108.1 MPH)
Batting: SHB Tony Fernandez 0-0: Ball
1-0: Ball
2-0: Foul Ball, location: 2F
2-1: Ball
3-1: Fielders Choice at 2nd, 6-4 (Groundball, 56, EV 102.5 MPH)
Batting: LHB Karl Pagel 0-0: Ball
1-0: Ball
2-0: Ball
3-0: Foul Ball, location: 2F
3-1: Swinging Strike
3-2: Base on Balls
Tony Fernandez to second
Batting: LHB Leon Durham 0-0: Ball
1-0: Ball
2-0: Foul Ball, location: 2F
2-1: SINGLE (Groundball, 4M, EV 102.5 MPH) (infield hit)
Tony Fernandez to third
Karl Pagel to second
Batting: LHB Mike Hargrove 0-0: Ball
1-0: Called Strike
1-1: Ball
2-1: Swinging Strike
2-2: Foul Ball, location: 2F
2-2: Ball
3-2: Base on Balls
Tony Fernandez scores
Karl Pagel to third
Leon Durham to second
Batting: LHB Mike Scioscia 0-0: Called Strike
0-1: Called Strike
0-2: Ball
1-2: DOUBLE (Flyball, 8RXD, EV 95.0 MPH)
Karl Pagel scores
Leon Durham scores
Mike Hargrove to third
Runner from 3rd tries for Home, SAFE, no throw by CF
Batting: RHB Tom Veryzer 0-0: Called Strike
0-1: Foul Ball, location: 2F
0-2: Strikes out swinging
Bottom of the 1st over - 4 runs, 2 hits, 0 errors, 1 left on base; St. Louis 0 - Atlanta 4
TOP OF THE 2ND
St. Louis Cardinals batting - Pitching for Atlanta Braves : LHP Randy Lerch
Batting: LHB Pat Putnam 0-0: Ball
1-0: Fly out, F8 (Flyball, 8RS, EV 81.9 MPH)
Batting: RHB Bob Watson 0-0: Foul Ball, location: 2F
0-1: Ball
1-1: Ball
2-1: Foul Ball, location: 2F
2-2: Strikes out swinging
Batting: LHB Jim Gantner 0-0: Ball
1-0: Ball
2-0: Called Strike
2-1: Ball
3-1: Called Strike
3-2: Base on Balls
Batting: RHB Joe Torre 0-0: Called Strike
0-1: Ball
1-1: SINGLE (Line Drive, 3D, EV 103.1 MPH)
Jim Gantner to second
Runner from 2nd tries for 3rd, OUT! 9-5
Top of the 2nd over - 0 runs, 1 hit, 0 errors, 1 left on base; St. Louis 0 - Atlanta 4
BOTTOM OF THE 2ND
Atlanta Braves batting - Pitching for St. Louis Cardinals : RHP Tom Candiotti
Batting: LHB Randy Lerch 0-0: Ball
1-0: Fly out, F9 (Flyball, 9LD, EV 103.8 MPH)
Batting: LHB Brett Butler 0-0: SINGLE (Flyball, 78S, EV 91.9 MPH)
Batting: LHB Joe L Morgan 0-0: Fielders Choice at 2nd, 6-4 (Groundball, 6, EV 103.1 MPH)
Batting: SHB Tony Fernandez 0-0: Ball
1-0: SINGLE (Groundball, 4D, EV 101.3 MPH)
Joe L Morgan to second
Runner from 2nd tries for 3rd, OUT! 8-5
Bottom of the 2nd over - 0 runs, 2 hits, 0 errors, 1 left on base; St. Louis 0 - Atlanta 4
TOP OF THE 3RD
St. Louis Cardinals batting - Pitching for Atlanta Braves : LHP Randy Lerch
Batting: RHB Pascual D'Annunzio 0-0: Ball
1-0: Foul Ball, location: 2F
1-1: Ground out 4-3 (Groundball, 4, EV 106.3 MPH)
Batting: RHB Tom Candiotti 0-0: Called Strike
0-1: Ball
1-1: Swinging Strike
1-2: Ball
2-2: Ground out 4-3 (Groundball, 4, EV 90.6 MPH)
Batting: SHB Otis Nixon 0-0: SINGLE (Line Drive, 9S, EV 88.1 MPH)
Batting: SHB Billy E Smith 0-0: Called Strike
0-1: Ball
1-1: Fly out, F9 (Flyball, 89M, EV 93.8 MPH)
Top of the 3rd over - 0 runs, 1 hit, 0 errors, 1 left on base; St. Louis 0 - Atlanta 4
BOTTOM OF THE 3RD
Atlanta Braves batting - Pitching for St. Louis Cardinals : RHP Tom Candiotti
Now at 3B: Steve Lubratich
Batting: LHB Karl Pagel 0-0: Ball
1-0: Called Strike
1-1: Foul Ball, location: 2F
1-2: Foul Ball, location: 2F
1-2: Ball
2-2: Foul Ball, location: 2F
2-2: Fly out, F6 (Popup, 6, EV 66.3 MPH)
Batting: LHB Leon Durham 0-0: Swinging Strike
0-1: Fly out, F9 (Flyball, 9LM, EV 95.0 MPH)
Batting: LHB Mike Hargrove 0-0: Foul Ball, location: 2F
0-1: Ball
1-1: SINGLE (Groundball, 4S, EV 71.9 MPH) (infield hit)
Batting: LHB Mike Scioscia 0-0: Called Strike
0-1: Fielders Choice at 2nd, 6-4 (Groundball, 6, EV 89.4 MPH)
Bottom of the 3rd over - 0 runs, 1 hit, 0 errors, 1 left on base; St. Louis 0 - Atlanta 4
TOP OF THE 4TH
St. Louis Cardinals batting - Pitching for Atlanta Braves : LHP Randy Lerch
Batting: RHB Steve Lubratich 0-0: Ball
1-0: Reached via error on a dropped throw from 1B, E1 (Groundball, 34S, EV 88.8 MPH)
Batting: LHB Pat Putnam 0-0: Ball
1-0: Called Strike
1-1: Foul Ball, location: 2F
1-2: Ground out 4-3 (Groundball, 13, EV 90.0 MPH)
Steve Lubratich to second
Batting: RHB Bob Watson 0-0: Called Strike
0-1: Ball
1-1: Fly out, F8 (Line Drive, 8LD, EV 101.9 MPH)
Batting: LHB Jim Gantner 0-0: Called Strike
0-1: Called Strike
0-2: Ball
1-2: Strikes out looking
Top of the 4th over - 0 runs, 0 hits, 1 error, 1 left on base; St. Louis 0 - Atlanta 4
BOTTOM OF THE 4TH
Atlanta Braves batting - Pitching for St. Louis Cardinals : RHP Tom Candiotti
Batting: RHB Tom Veryzer 0-0: Called Strike
0-1: Ground out 5-3 (Groundball, 5, EV 101.3 MPH)
Batting: LHB Randy Lerch 0-0: Called Strike
0-1: Foul Ball, location: 2F
0-2: Fly out, F6 (Line Drive, 6, EV 67.5 MPH)
Batting: LHB Brett Butler 0-0: Swinging Strike
0-1: Ball
1-1: Ball
2-1: Ball
3-1: Foul Ball, location: 2F
3-2: Fly out, F3 (Popup, 34, EV 79.4 MPH)
Bottom of the 4th over - 0 runs, 0 hits, 0 errors, 0 left on base; St. Louis 0 - Atlanta 4
TOP OF THE 5TH
St. Louis Cardinals batting - Pitching for Atlanta Braves : LHP Randy Lerch
Batting: RHB Joe Torre 0-0: Ball
1-0: Ball
2-0: Called Strike
2-1: Fly out, F8 (Flyball, 89M, EV 90.0 MPH)
Batting: RHB Pascual D'Annunzio 0-0: Called Strike
0-1: Ball
1-1: Ground out 4-3 (Groundball, 4, EV 93.1 MPH)
Batting: RHB Tom Candiotti 0-0: Ball
1-0: Swinging Strike
1-1: Foul Ball, location: 2F
1-2: Fly out, F9 (Flyball, 89D, EV 94.4 MPH)
Top of the 5th over - 0 runs, 0 hits, 0 errors, 0 left on base; St. Louis 0 - Atlanta 4
BOTTOM OF THE 5TH
Atlanta Braves batting - Pitching for St. Louis Cardinals : RHP Tom Candiotti
Batting: LHB Joe L Morgan 0-0: Called Strike
0-1: Foul Ball, location: 2F
0-2: Ground out 6-3 (Groundball, 6, EV 81.9 MPH)
Batting: SHB Tony Fernandez 0-0: Called Strike
0-1: Ball
1-1: SINGLE (Line Drive, 4M, EV 98.1 MPH)
Batting: LHB Karl Pagel 0-0: Ball
1-0: Called Strike
Tony Fernandez steals 2nd base
1-1: Ball
2-1: 2-RUN HOME RUN (Flyball, 9D, EV 97.5 MPH), Distance : 381 ft
Pitching: RHP Larry Yount
Batting: LHB Leon Durham 0-0: Ball
1-0: Foul Ball, location: 2F
1-1: SINGLE (Line Drive, 89M, EV 105.6 MPH)
Batting: LHB Mike Hargrove 0-0: Ball
1-0: Called Strike
1-1: Called Strike
1-2: Ball
Leon Durham steals 2nd base
2-2: Fly out, F7 (Flyball, 78D, EV 103.1 MPH)
Runner from 2nd tags up, SAFE at 3rd with throw by LF
Batting: LHB Mike Scioscia 0-0: Ball
1-0: Ground out 4-3 (Groundball, 34, EV 100.0 MPH)
Bottom of the 5th over - 2 runs, 3 hits, 0 errors, 1 left on base; St. Louis 0 - Atlanta 6
TOP OF THE 6TH
St. Louis Cardinals batting - Pitching for Atlanta Braves : LHP Randy Lerch
Batting: SHB Otis Nixon 0-0: Ball
1-0: SINGLE (Groundball, 6D, EV 99.4 MPH)
Batting: SHB Billy E Smith 0-0: Ball
1-0: Foul Ball, location: 2F
1-1: Foul Ball, location: 2F
1-2: DOUBLE (Line Drive, 9LM, EV 98.8 MPH)
Otis Nixon to third
Runner from 3rd tries for Home, SAFE, throw by RF to home
Batting: RHB Steve Lubratich 0-0: Ground out 4-3 (Groundball, 34, EV 80.6 MPH)
Billy E Smith to third
Batting: LHB Pat Putnam 0-0: Ball
1-0: 2-RUN HOME RUN (Flyball, 7LD, EV 94.4 MPH), Distance : 365 ft
Batting: RHB Bob Watson 0-0: Ground out 6-3 (Groundball, 6MD, EV 84.4 MPH)
Batting: LHB Jim Gantner 0-0: Called Strike
0-1: Called Strike
0-2: SINGLE (Groundball, 34S, EV 67.5 MPH) (infield hit)
Batting: RHB Joe Torre 0-0: Fielders Choice at 2nd, 6-4 (Groundball, 6, EV 88.1 MPH)
Top of the 6th over - 3 runs, 4 hits, 0 errors, 1 left on base; St. Louis 3 - Atlanta 6
BOTTOM OF THE 6TH
Atlanta Braves batting - Pitching for St. Louis Cardinals : RHP Larry Yount
Batting: RHB Tom Veryzer 0-0: Foul Ball, location: 2F
0-1: Called Strike
0-2: Foul Ball, location: 2F
0-2: Foul Ball, location: 2F
0-2: Strikes out looking
Batting: LHB Randy Lerch 0-0: Called Strike
0-1: Ground out 6-3 (Groundball, 6, EV 101.9 MPH)
Batting: LHB Brett Butler 0-0: Ball
1-0: Ground out U3 (Groundball, 34, EV 81.9 MPH)
Bottom of the 6th over - 0 runs, 0 hits, 0 errors, 0 left on base; St. Louis 3 - Atlanta 6
TOP OF THE 7TH
St. Louis Cardinals batting - Pitching for Atlanta Braves : LHP Randy Lerch
Batting: RHB Pascual D'Annunzio 0-0: SOLO HOME RUN (Flyball, 7D, EV 105.0 MPH), Distance : 376 ft
Pinch Hitting: LHB Mike Davis 0-0: Ball
1-0: Ball
2-0: Ball
3-0: Called Strike
3-1: Foul Ball, location: 2F
3-2: SINGLE (Line Drive, 4D, EV 95.0 MPH)
Batting: SHB Otis Nixon 0-0: Ball
1-0: Ball
2-0: Called Strike
2-1: Called Strike
2-2: 2-RUN HOME RUN (Flyball, 78XD, EV 111.9 MPH), Distance : 437 ft
Pitching: RHP Charlie Lea
Batting: SHB Billy E Smith 0-0: Reached on error, E4 (Groundball, 4S, EV 83.1 MPH)
Batting: RHB Steve Lubratich 0-0: Ball
Billy E Smith steals 2nd base
1-0: 2-RUN HOME RUN (Flyball, 78XD, EV 97.5 MPH), Distance : 453 ft
Batting: LHB Pat Putnam 0-0: Called Strike
0-1: Fly out, F8 (Flyball, 8RS, EV 78.1 MPH)
Batting: RHB Bob Watson 0-0: Fly out, F7 (Flyball, 78M, EV 78.8 MPH)
Pitching: RHP Rick Sutcliffe
Batting: LHB Jim Gantner 0-0: Foul Ball, location: 2F
0-1: Ball
1-1: Ball
2-1: Called Strike
2-2: Foul Ball, location: 2F
2-2: Ball
3-2: Foul Ball, location: 2F
3-2: Base on Balls
Batting: RHB Joe Torre 0-0: Called Strike
0-1: Ball
1-1: Ball
2-1: Ground out 5-3 (Groundball, 5S, EV 83.8 MPH)
Top of the 7th over - 5 runs, 4 hits, 1 error, 1 left on base; St. Louis 8 - Atlanta 6
BOTTOM OF THE 7TH
Atlanta Braves batting - Pitching for St. Louis Cardinals : RHP Larry Yount
Pitching: LHP Jeff Little
Batting: LHB Joe L Morgan 0-0: Foul Ball, location: 2F
0-1: Ball
1-1: Called Strike
1-2: Fly out, F8 (Line Drive, 8RD, EV 108.1 MPH)
Batting: SHB Tony Fernandez 0-0: Ball
1-0: Called Strike
1-1: Foul Ball, location: 2F
1-2: Fly out, F6 (Flyball, 4MD, EV 90.0 MPH)
Batting: LHB Karl Pagel 0-0: Ball
1-0: Called Strike
1-1: Ball
2-1: Foul Ball, location: 2F
2-2: SINGLE (Groundball, 34D, EV 99.4 MPH)
Batting: LHB Leon Durham 0-0: Ground out 4-3 (Groundball, 4, EV 98.8 MPH)
Bottom of the 7th over - 0 runs, 1 hit, 0 errors, 1 left on base; St. Louis 8 - Atlanta 6
TOP OF THE 8TH
St. Louis Cardinals batting - Pitching for Atlanta Braves : RHP Rick Sutcliffe
Batting: RHB Pascual D'Annunzio 0-0: Ground out 3-1 (Groundball, 34, EV 105.6 MPH)
Pinch Hitting: RHB Craig Stimac 0-0: Ball
1-0: Fly out, F8 (Flyball, 8RS, EV 81.9 MPH)
Batting: SHB Otis Nixon 0-0: SINGLE (Groundball, 4M, EV 98.1 MPH) (infield hit)
Batting: SHB Billy E Smith 0-0: Ball
1-0: Ball
Otis Nixon is caught stealing 2nd base 2-6
Top of the 8th over - 0 runs, 1 hit, 0 errors, 0 left on base; St. Louis 8 - Atlanta 6
BOTTOM OF THE 8TH
Atlanta Braves batting - Pitching for St. Louis Cardinals : LHP Jeff Little
Pitching: RHP Larry Andersen
Batting: LHB Mike Hargrove 0-0: Fly out, F7 (Flyball, 7, EV 81.9 MPH)
Batting: LHB Mike Scioscia 0-0: Ball
1-0: Foul Ball, location: 2F
1-1: Ball
2-1: Called Strike
2-2: Ball
3-2: Foul Ball, location: 2F
3-2: Foul Ball, location: 2F
3-2: Ground out 6-3 (Groundball, 6, EV 83.8 MPH)
Batting: RHB Tom Veryzer 0-0: Called Strike
0-1: Ground out 3-1 (Groundball, 34S, EV 93.1 MPH)
Bottom of the 8th over - 0 runs, 0 hits, 0 errors, 0 left on base; St. Louis 8 - Atlanta 6
TOP OF THE 9TH
St. Louis Cardinals batting - Pitching for Atlanta Braves : RHP Rick Sutcliffe
Batting: SHB Billy E Smith 0-0: Called Strike
0-1: Ball
1-1: Called Strike
1-2: Ball
2-2: Ball
3-2: Base on Balls
Batting: RHB Steve Lubratich 0-0: Ball
1-0: Swinging Strike
1-1: Ball
2-1: Swinging Strike
2-2: Fly out, F4 (Line Drive, 4, EV 60.6 MPH)
Batting: LHB Pat Putnam 0-0: Ball
1-0: Ball
2-0: Fielders Choice at 2nd, 6-4 (Groundball, 6, EV 88.8 MPH)
Batting: RHB Bob Watson 0-0: Called Strike
0-1: Fly out, F8 (Line Drive, 8RD, EV 108.8 MPH)
Top of the 9th over - 0 runs, 0 hits, 0 errors, 1 left on base; St. Louis 8 - Atlanta 6
BOTTOM OF THE 9TH
Atlanta Braves batting - Pitching for St. Louis Cardinals : RHP Larry Andersen
Now in LF: Mookie Wilson
Pinch Hitting: LHB Brent Hillenga 0-0: Ball
1-0: Ball
2-0: Swinging Strike
2-1: Ball
3-1: Fly out, F5 (Popup, 56S, EV 91.3 MPH)
Batting: LHB Brett Butler 0-0: Swinging Strike
0-1: Ball
1-1: Foul Ball, location: 2F
1-2: Ball
2-2: Ball
3-2: Foul Ball, location: 2F
3-2: Strikes out looking
Batting: LHB Joe L Morgan 0-0: Foul Ball, location: 2F
0-1: Fly out, F8 (Flyball, 8LXD, EV 102.5 MPH)
Bottom of the 9th over - 0 runs, 0 hits, 0 errors, 0 left on base; St. Louis 8 - Atlanta 6
Thursday, July 30th, 2020 - OOTP Baseball 21.5 Build 71